 Dungeon Crawl Stone Soup version 0.22-a0-430-g6609fc6 (webtiles) character file.

37 MisterFreud the Insei (level 3, -4/23 HPs)
             Began as an Octopode Transmuter on May 26, 2018.
             Slain by Natasha (7 damage)
             ... on level 2 of the Dungeon.
             The game lasted 00:01:47 (1684 turns).

MisterFreud the Insei (Octopode Transmuter)         Turns: 1684, Time: 00:01:48

Health: -4/23      AC:  1    Str:  9    XL:     3   Next: 41%
Magic:  6/6        EV: 13    Int: 16    God:
Gold:   58         SH:  0    Dex: 12    Spells: 5/6 levels left

rFire    . . .     SeeInvis .     - Unarmed
rCold    . . .     Gourm    .   (no shield)
rNeg     . . .     Faith    .   (helmet restricted)
rPois    .         Spirit   .   (no amulet)
rElec    .         Reflect  .   (no ring)
rCorr    .         Harm     .   (no ring)
MR       .....                  (no ring)
Stlth    ++........             (no ring)
HPRegen  0.07/turn              (no ring)
MPRegen  0.10/turn              (no ring)
                                (no ring)
                                (no ring)

@: no status effects
A: almost no armour, stealthy swim, amphibious, 8 rings, constrict 8, camouflage
1, gelatinous body 1
a: no special abilities


You were on level 2 of the Dungeon.
You were not hungry.

You visited 1 branch of the dungeon, and saw 2 of its levels.

You collected 58 gold pieces.

Inventory:

Missiles
 a - 12 arrows
 e - 49 stones (quivered)
 f - 5 javelins
Scrolls
 b - a scroll of magic mapping {unknown}
 g - a scroll of identify {unknown}
 h - a scroll of teleportation {unknown}
Potions
 d - 2 potions of haste {unknown}
Comestibles
 c - 2 rations


   Skills:
 - Level 1.0 Fighting
 - Level 2.0 Dodging
 + Level 4.4 Unarmed Combat
 - Level 2.0 Spellcasting
 - Level 2.0 Transmutations


You had 5 spell levels left.
You knew the following spells:

 Your Spells              Type           Power        Failure   Level  Hunger
a - Beastly Appendage     Tmut           #.....       9%          1    #......

Your spell library contained the following spells:

 Spells                   Type           Power        Failure   Level  Hunger
 Spider Form              Tmut/Pois      #.........   38%         3    ###....
 Blade Hands              Tmut           #.........   94%         5    ######.
 Ice Form                 Ice/Tmut       #.......     80%         4    #####..
 Sticks to Snakes         Tmut           #.......     14%         2    ###....


Dungeon Overview and Level Annotations

Branches:
Dungeon (2/15)

Altars:

Annotations:
D:2 Natasha


Innate Abilities, Weirdness & Mutations

You cannot wear most types of armour.
You are very stealthy in the water. (Stealth+)
You are amphibious.
You can wear up to eight rings at the same time.
You can use your tentacles to constrict eight enemies at once.
Your skin changes colour to match your surroundings (Stealth+).
Your rubbery body absorbs attacks. (AC +1, EV +1)


Message History

You tentacle-slap Natasha but do no damage.
Natasha is moderately wounded.
You constrict Natasha, but do no damage.
Natasha claws you.
You barely miss Natasha.
Natasha is moderately wounded.
You constrict Natasha. Natasha closely misses you.
You tentacle-slap Natasha but do no damage.
Natasha is heavily wounded.
You constrict Natasha. Natasha claws you!
You tentacle-slap Natasha but do no damage.
Natasha is heavily wounded.
You constrict Natasha, but do no damage.
Natasha stares at you and mumbles some strange words.
The magic dart hits you!
* * * LOW HITPOINT WARNING * * *
You tentacle-slap Natasha.
Natasha is heavily wounded.
You constrict Natasha. Natasha claws you!
You die...

#.#####†#..#####...
#.#......†.........
#...##.##.....##.#
#..##.#.##.#.##.# ###
#..#).#...###.. ..$
##.##.#.##.#.##.#.#
#..##.##.....##.##...
##...................
############@###...
#h# .[. #.... #.>.##
#####


You could see Natasha.

Vanquished Creatures
  A worm (D:2)
  A dart slug (D:1)
  3 giant cockroaches
  3 goblins
  3 hobgoblins
  8 kobolds
  3 bats
  3 frilled lizards
  8 rats
33 creatures vanquished.

Notes
Turn   | Place    | Note
-------+----------+-------------------------------------------
     0 | D:1      | MisterFreud the Octopode Transmuter began the quest for the Orb.
     0 | D:1      | Reached XP level 1. HP: 13/13 MP: 3/3
   470 | D:1      | Reached XP level 2. HP: 16/18 MP: 5/5
  1066 | D:1      | Reached skill level 4 in Unarmed Combat
  1491 | D:2      | Reached XP level 3. HP: 23/23 MP: 6/6
  1674 | D:2      | Noticed Natasha
  1684 | D:2      | Slain by Natasha

Vault maps used:
D:1:      sevenhm_arrival_forest_fort_large_2
D:2:      grunt_temple_overflow_opulence, minmay_ruptured, uniq_natasha

Skill      XL: |  1  2 |
---------------+-------+-----
Unarmed Combat | 4 |  4.4
Fighting       | |  1.0
Dodging        | |  2.0
Spellcasting   | |  2.0
Transmutations | |  2.0

Action                   || total
-------------------------++-------
Melee: Unarmed           ||    76
       Constrict         ||    22
       Tentacles         ||    12
       Punch             ||     1
 Stab: Sleeping          ||     5
  Eat: Chunk             ||     2
Armor: Skin              ||     3
Dodge: Dodged            ||    32

Table legend:
 A = Spawn XP
 B = Non-spawn XP
 C = Spawn XP percentage of total XP
 D = Spawn monster count
 E = Non-spawn monster count
 F = Spawn count percentage of total count
 G = Total turns spent on level
                    A         B        C        D         E        F      G
               +---------+---------+-------+---------+---------+-------+---------
         Total |       0 |      54 |   0.0 |       0 |      33 |   0.0 |  1684
               +---------+---------+-------+---------+---------+-------+---------
           D:1 |       0 |      31 |   0.0 |       0 |      20 |   0.0 |  1433
           D:2 |       0 |      23 |   0.0 |       0 |      13 |   0.0 |   251
               +---------+---------+-------+---------+---------+-------+---------
